 Seeded DCSS version 0.29.1-2-gbd0b4ee654 (webtiles) character file.

Game seed: 20221026 (custom seed)

2 Nerdsrcool the Twirler (level 1, -1/12 HPs)
             Began as a Gargoyle Gladiator on Oct 26, 2022.
             Slain by a jackal (3 damage)
             ... on level 1 of the Dungeon.
             The game lasted 00:01:16 (45 turns).

Nerdsrcool the Twirler (Gargoyle Gladiator)           Turns: 45, Time: 00:01:17

Health: -1/12      AC:  6    Str: 17    XL:     1   Next: 30%
Magic:  1/1        EV: 12    Int:  8    God:
Gold:   0          SH:  0    Dex: 11    Spells: 0/0 levels left

rFire   . . .      SeeInvis .   a - +0 quarterstaff
rCold   . . .      Faith    .   (shield currently unavailable)
rNeg    + . .      Spirit   .   b - +0 leather armour
rPois   ∞          Reflect  .   c - +0 helmet
rElec   +          Harm     .   (no cloak)
rCorr   .          Rampage  .   (no gloves)
Will    .....                   (no boots)
Stlth   +.........              (no amulet)
HPRegen 0.04/turn               (no ring)
MPRegen 0.07/turn               (no ring)

@: no status effects
A: sickness immunity, AC +2, negative energy resistance 1, electricity
resistance, torment resistance 1, petrification resistance
a: no special abilities


You were on level 1 of the Dungeon.
You visited 1 branch of the dungeon, and saw 1 of its levels.

Inventory:

Hand Weapons
 a - a +0 quarterstaff (weapon)
Missiles
 e - a javelin (quivered)
Armour
 b - a +0 leather armour (worn)
 c - a +0 helmet (worn)


   Skills:
 + Level 2.2 Fighting
 + Level 3.1 Staves
 + Level 1.7 Throwing
 + Level 2.4 Dodging


You couldn't memorise any spells.
You didn't know any spells.
Your spell library was empty.

Dungeon Overview and Level Annotations

Branches:
Dungeon (1/15)

Altars:


Innate Abilities, Weirdness & Mutations

You are immune to sickness and miasma.
Your stone body is resilient. (AC +2)
You are immune to poison.
You resist negative energy. (rN+)
You are resistant to electric shocks. (rElec)
You are resistant to unholy torment.
You are immune to petrification.


Message History

The jackal is heavily wounded.
The jackal struggles against the net.
The net rips apart, and the jackal comes free!
The jackal closely misses you. The jackal misses you.
You closely miss the jackal.
The jackal is heavily wounded.
The jackal bites you but does no damage. x2
The jackal barely misses you.
You barely miss the jackal.
The jackal is heavily wounded.
The jackal closely misses you.
The jackal bites you but does no damage.
The jackal closely misses you. The jackal bites you.
You are too injured to fight recklessly!
Throw: throwing net
Press: ? - help, Q - select action, (/) - cycle Shift-Dir - straight line, f/p - jackal
Aim: a jackal (47% to hit)
You throw a throwing net. The throwing net hits the jackal.
The jackal is caught in the net!
The jackal struggles against the net.
The jackal bites you but does no damage.
You hit the jackal.
The jackal is almost dead.
The jackal struggles against the net.
The jackal barely misses you.
The jackal struggles against the net.
You hit the jackal but do no damage.
The jackal is almost dead.
The jackal closely misses you.
The jackal struggles against the net.
The net rips apart, and the jackal comes free!
The jackal bites you.
* * * LOW HITPOINT WARNING * * *
You barely miss the jackal.
The jackal is almost dead.
The jackal bites you but does no damage.
The jackal closely misses you. The jackal barely misses you.
The jackal bites you but does no damage.
You closely miss the jackal.
The jackal is almost dead.
The jackal bites you.
You die...

#.##########
#.##........
####.##.#####
#...........#
###....##.###.# #
.......##.# #.# ###.###
###....##.###.###.......
#....>.........h......
#####...###...@(......
#...# #####h...... .#..
....... .# .......
....... ....... .......
.......


You could see 2 jackals.

Vanquished Creatures
  A jackal (D:1)
  A rat (D:1)
2 creatures vanquished.

Notes
Turn   | Place    | Note
-------+----------+-------------------------------------------
     0 | D:1      | Nerdsrcool the Gargoyle Gladiator began the quest for the
                  | Orb.
     0 | D:1      | Reached XP level 1. HP: 12/12 MP: 1/1
    45 | D:1      | Slain by a jackal

Illustrated notes

Levels and vault maps discovered:
D:1:      saegor_arrival_simple_b, layout_basic,
          shapermc_ecumenical_altar_mp_highgroup, dreamdust_princess_corridor

Action                   || total
-------------------------++-------
Melee: Quarterstaff      ||    13
Throw: Throwing net      ||     3
Armor: Leather armour    ||     7
Dodge: Dodged            ||    19
